 Dungeon Crawl Stone Soup version 0.30-a0-46-g5a63ccc183 (webtiles) character file.

Game seed: 6388159554565550533

122 IdlyInterested the Conjurer (level 4, -1/33 HPs)
             Began as a Demonspawn Wanderer on Sept 1, 2022.
             Slain by a black bear (6 damage)
             ... on level 4 of the Dungeon.
             The game lasted 00:13:58 (4118 turns).

IdlyInterested the Conjurer (Demonspawn Wanderer)   Turns: 4118, Time: 00:13:58

Health: -1/33      AC:  4    Str: 10      XL:     4   Next: 78%
Magic:  3/7        EV: 14    Int: 11      God:
Gold:   162        SH:  0    Dex: 24 (25) Spells: 6/7 levels left

rFire   . . .      SeeInvis .    n - staff of cold
rCold   + . .      Faith    .    (no shield)
rNeg    . . .      Spirit   .    d - +0 leather armour
rPois   .          Reflect  .    b - +0 helmet
rElec   .          Harm     .    (no cloak)
rCorr   .          Rampage  .    (no gloves)
Will    +....                    (no boots)
Stlth   ++........               (no amulet)
HPRegen 0.11/turn                h - +6 ring of dexterity
MPRegen 0.10/turn                (no ring)

@: mighty, very slightly contaminated
A: repulsion field 1, deterioration 1, high MP 1, strong-willed 1
a: no special abilities


You were on level 4 of the Dungeon.
You visited 1 branch of the dungeon, and saw 4 of its levels.

You collected 162 gold pieces.

Inventory:

Hand Weapons
 k - a +0 whip of electrocution
 p - a +0 trident
Armour
 b - a +0 helmet (worn)
 d - a +0 leather armour (worn)
 e - a +0 scale mail
 g - a +0 plate armour
 i - a +0 ring mail
 o - a +0 helmet
Magical Staves
 n - a staff of cold (weapon)
Jewellery
 h - a +6 ring of dexterity (left hand)
Scrolls
 a - a scroll of butterflies {unknown}
 c - a scroll of silence
 l - a scroll of vulnerability
 r - a scroll of brand weapon {unknown}
 t - a scroll of amnesia {unknown}
 v - a scroll of noise {unknown}
 w - 2 scrolls of magic mapping {unknown}
Potions
 f - a potion of mutation
 j - a potion of magic
 m - 3 potions of curing
 q - a potion of cancellation
 s - a potion of resistance
 x - a potion of heal wounds {unknown}
 z - a potion of brilliance {unknown}


   Skills:
 - Level 2.0 Fighting
 - Level 1.0(1.1) Polearms
 + Level 0.6(1.0) Staves
 - Level 1.0 Armour
 + Level 1.7 Dodging
 - Level 1.0 Stealth
 + Level 2.1 Spellcasting
 * Level 3.7 Conjurations
 - Level 1.2 Invocations
 - Level 1.0 Evocations


You had 6 spell levels left.
You knew the following spells:

 Your Spells              Type           Power      Damage    Failure   Level
a - Shock                 Conj/Air       20%        1d4       19%         1

Your spell library contained the following spells:

 Spells                   Type           Power      Damage    Failure   Level
 Static Discharge         Conj/Air       10%        3-4/arc   26%         2
 Summon Small Mammal      Summ           4%         N/A       36%         1
 Stone Arrow              Conj/Erth      10%        3d7       47%         3
 Blink                    Tloc           2%         N/A       52%         2
 Call Canine Familiar     Summ           1%         N/A       75%         3
 Summon Guardian Golem    Hex/Summ       1%         N/A       75%         3
 Tukima's Dance           Hex            1%         N/A       75%         3
 Fulminant Prism          Conj/Hex       2%         3d6       87%         4
 Passage of Golubria      Tloc           1%         N/A       98%         4
 Lightning Bolt           Conj/Air       2%         1d14      99%         5
 Manifold Assault         Tloc           1%         N/A       100%        5
 Yara's Violent Unravell  Hex/Tmut       0%         3d3       100%        5
 Storm Form               Tmut/Air       0%         N/A       100%        7
 Maxwell's Capacitive Co  Air            0%         ∞         100%        8


Dungeon Overview and Level Annotations

Branches:
Dungeon (4/15)
 Temple: D:4-7

Altars:
Okawaru
Trog

Annotations:
D:4 3 runed translucent doors, Jeffwins's ghost, amateur HuWn; Juicyj's ghost, amateur GnNe; frimble's ghost, amateur DsAE; sirJeffrey23's ghost, amateur DrGl


Innate Abilities, Weirdness & Mutations

You are surrounded by a mild repulsion field. (EV +2)
Your body sometimes deteriorates upon taking damage.
You have an increased reservoir of magic. (+10% MP)
You are strong-willed. (Will+)


Message History

You hit the black bear.
The black bear is severely wounded.
The black bear bites you but does no damage.
The black bear claws you.
* * * LOW HITPOINT WARNING * * *
The black bear closely misses you.
You completely miss the black bear.
The black bear is severely wounded.
The black bear bites you.
* * * LOW HITPOINT WARNING * * *
The black bear claws you.
* * * LOW HITPOINT WARNING * * *
The black bear claws you but does no damage.
The black bear goes berserk!
You feel better. The black bear closely misses you.
The black bear barely misses you. The black bear claws you.
Aiming: Shock (safe; 19% risk of failure)
Press: ? - help, Q - select action Shift-Dir - straight line You miscast Shock.
You are very lightly contaminated with residual magic.
Nothing appears to happen.
The black bear bites you but does no damage.
The black bear claws you but does no damage.
The black bear barely misses you.
The black bear bites you but does no damage.
The black bear claws you but does no damage.
The black bear claws you.
* * * LOW HITPOINT WARNING * * *
You feel better. The black bear barely misses you. The black bear claws you.
The black bear barely misses you.
You feel very mighty all of a sudden. The black bear misses you.
The black bear barely misses you.
The black bear claws you but does no damage.
The black bear closely misses you. The black bear claws you.
* * * LOW HITPOINT WARNING * * *
The black bear closely misses you.
You hit the black bear!
The black bear is almost dead.
The black bear bites you.
You die...

.. . #.........# #. #.
..#.........###. #.##
............#.. #..###
#............ #<..##
#.###..(........#
###...##...........#.#..
#..######...#.......
#..#.........#.....
#.@..####...####...
#h##..###...# #### ..h
##.......####
.#######..........#
...#........#...#.####
#..........#.>.#.....
###........#...####..
#........#......#..
#........#..###....


You could see a black bear (berserk) and a hound.

Vanquished Creatures
  A gnoll (D:1)
  3 adders
  A worm (D:2)
  3 dart slugs
  4 orcs (D:3)
  4 ball pythons
  5 bats
  4 endoplasms
  2 giant cockroaches
  9 goblins
  14 hobgoblins
  4 quokkas
  5 frilled lizards
  3 kobolds
  4 rats
66 creatures vanquished.

Notes
Turn   | Place    | Note
-------+----------+-------------------------------------------
     0 | D:1      | IdlyInterested the Demonspawn Wanderer began the quest for
                  | the Orb.
     0 | D:1      | IdlyInterested set off with the following items: a +0
                  | spear, a +0 helmet, a scroll of silence, a +0 leather
                  | armour; and the following spell memorised: Shock; and the
                  | following spells available to memorise: Stone Arrow,
                  | Fulminant Prism.
     0 | D:1      | Reached XP level 1. HP: 16/16 MP: 2/2
   282 | D:1      | Gained mutation: You are surrounded by a mild repulsion
                  | field. (EV +2) [demonic ancestry]
   282 | D:1      | Reached XP level 2. HP: 22/22 MP: 1/3
   305 | D:1      | Reached skill level 1 in Stealth
   531 | D:1      | Found a faded altar of an unknown god.
   639 | D:1      | Reached XP level 3. HP: 23/27 MP: 5/5
   825 | D:1      | Reached skill level 3 in Conjurations
  2049 | D:2      | Reached XP level 4. HP: 33/33 MP: 6/6
  2579 | D:3      | Found an iron altar of Okawaru.
  3646 | D:4      | Found a runed translucent gate.
  3646 | D:4      | Found a runed translucent gate.
  3652 | D:4      | Found a runed translucent gate.
  3652 | D:4      | Noticed frimble's ghost (amateur DsAE)
  3661 | D:4      | Noticed sirJeffrey23's ghost (amateur DrGl)
  3662 | D:4      | Noticed Juicyj's ghost (amateur GnNe)
  3663 | D:4      | Noticed Jeffwins's ghost (amateur HuWn)
  3913 | D:4      | Gained mutation: Your body sometimes deteriorates upon
                  | taking damage. [potion of mutation]
  3913 | D:4      | Gained mutation: You have an increased reservoir of magic.
                  | (+10% MP) [potion of mutation]
  3913 | D:4      | Gained mutation: You are strong-willed. (Will+) [potion of
                  | mutation]
  3986 | D:4      | Found a bloodstained altar of Trog.
  4101 | D:4      | Noticed a black bear
  4118 | D:4      | Slain by a black bear

Illustrated notes

Levels and vault maps discovered:
D:1:      minmay_arrival_four_loops, layout_rooms, ebering_ecumenical_altar_rust
D:2:      layout_basic, kennysheep_generic_room_8
D:3:      layout_basic, mainiacjoe_overflow_catwalk,
          hangedman_abyss_or_decor_stabs, corexii_shack
D:4:      layout_rooms, general_overflow_altar, gammafunk_ghost_cemetery

Skill      XL: |  1  2  3  4 |
---------------+-------------+-----
Stealth        | 1 |  1.0
Conjurations   | 3 |  3.7
Spellcasting   | 2 |  2.1
Fighting       | |  2.0
Polearms       | |  1.0
Staves         | |  0.6
Armour         | |  1.0
Dodging        | |  1.7
Invocations    | |  1.2
Evocations     | |  1.0

Action                   |  1- 3 |  4- 6 || total
-------------------------+-------+-------++-------
Melee: Spear             |    93 |       ||    93
       Whip              |    39 |       ||    39
       Staff             |       |    68 ||    68
       Punch             |       |     1 ||     1
 Cast: Shock             |    33 |    30 ||    63
  Use: Scroll            |     2 |     5 ||     7
       Potion            |       |     5 ||     5
 Stab: Sleeping          |     9 |     4 ||    13
Armor: Leather armour    |    20 |    28 ||    48
Dodge: Dodged            |    85 |    80 ||   165

Table legend: (Time is in decaauts)
 A = Elapsed time spent in this place.
 B = Non-inter-level travel time spent in this place.
 C = Inter-level travel time spent in this place.
 D = Time resting spent in this place.
 E = Time spent auto-exploring this place.
 F = Levels seen in this place.
 G = Mean time per level.
                   A        B        C        D        E       F      G
               +--------+--------+--------+--------+--------+-----+--------+
         Total |   4140 |   3793 |    347 |    828 |   2213 |   4 | 1035.0 |
       Dungeon |   4140 |   3793 |    347 |    828 |   2213 |   4 | 1035.0 |
               +--------+--------+--------+--------+--------+-----+--------+

Top non-repeatable levels by time:
     D:3: 1586 daAuts
     D:2: 1172 daAuts
     D:1: 1066 daAuts
     D:4: 314 daAuts
